 Dungeon Crawl Stone Soup version 0.16.2-12-gd0ad4c3 (webtiles) character file.

14543 spinkules the Severer (level 11, -21/84 HPs)
             Began as a Minotaur Berserker on Oct 31, 2015.
             Was the Champion of Trog.
             Demolished by a cyclops (26 damage)
             ... on level 11 of the Dungeon.
             The game lasted 01:08:36 (11207 turns).

spinkules the Severer (Minotaur Berserker)         Turns: 11207, Time: 01:08:36

Health: -21/84     AC: 12    Str: 22    XL:     11   Next: 90%
Magic:  2/6        EV:  9    Int:  4    God:    Trog [******]
Gold:   625        SH:  0    Dex: 13    Spells: 0 memorised, 10 levels left

rFire  . . .     SeeInvis .     u - +6 executioner's axe (flame)
rCold  . . .     Clarity  .     k - +0 chain mail
rNeg   . . .     SustAb   +     (no shield)
rPois  .         Gourm    +     (helmet restricted)
rElec  .         Spirit   .     b - +0 cloak
rCorr  .         Warding  .     (no gloves)
rMut   .         Rnd*Tele +     (no boots)
MR     .....                    V - amulet of the gourmand
Stlth  ..........               N - ring of sustain abilities
                                d - ring of teleportation

@: not resistant to hostile enchantments, extremely unstealthy
A: retaliatory headbutt, horns 2
a: Burn Spellbooks, Berserk, Trog's Hand, Brothers in Arms, Renounce Religion,
Evoke Teleportation


You were on level 11 of the Dungeon.
You worshipped Trog.
Trog was exalted by your worship.
You were not hungry.

You visited 2 branches of the dungeon, and saw 12 of its levels.
You also visited: Ossuary.

You collected 625 gold pieces.

Inventory:

Hand weapons
 a - a +3 antimagic battleaxe
 u - a +6 executioner's axe of flaming (weapon)
 F - a +7 antimagic quick blade
Missiles
 G - 4 steel javelins (quivered)
Armour
 b - a +0 cloak (worn)
 k - a +0 chain mail (worn)
Jewellery
 d - a ring of teleportation (left hand)
 l - a cursed amulet of inaccuracy {unknown}
 N - a ring of sustain abilities (right hand)
 V - an amulet of the gourmand (around neck)
Magical devices
 v - a wand of digging (11)
 K - a wand of disintegration (15)
 U - a wand of paralysis (11)
Scrolls
 e - 3 scrolls of remove curse
 p - 2 scrolls of fog
 q - 2 scrolls of teleportation {unknown}
 r - 2 scrolls of immolation {unknown}
 w - 3 scrolls of recharging {unknown}
 x - 3 scrolls of magic mapping {unknown}
 y - 3 scrolls of noise {unknown}
 E - 5 scrolls of amnesia {unknown}
 I - 2 scrolls of random uselessness {unknown}
 P - 3 scrolls of enchant armour {unknown}
 Q - a scroll of fear
 R - 3 scrolls of acquirement {unknown}
 T - a scroll of summoning
Potions
 f - 6 potions of curing
 j - 5 potions of might {unknown}
 n - 2 potions of haste {unknown}
 o - a potion of invisibility {unknown}
 s - 2 potions of lignification {unknown}
 z - 3 potions of heal wounds {unknown}
 A - 3 potions of agility {unknown}
 B - a potion of brilliance
 C - 2 potions of cancellation
 D - a potion of berserk rage
 J - a potion of ambrosia
 O - a potion of resistance
 S - a potion of flight
Books
 H - an Akashic Record {highlevel, unknown}

   This book is beyond your current level of understanding.

   Spells                             Type                      Level
   a - Dispersal                      Translocation                6
   b - Controlled Blink               Translocation                7
   c - Malign Gateway                 Summoning/Translocation      7
   d - Disjunction                    Translocation                8
   e - Singularity                    Translocation                9
   Trog disapproves of the use of such an item.
Comestibles
 c - 3 bread rations
 g - 2 beef jerkies
 h - 9 slices of pizza
 i - 8 meat rations
 m - 18 fruits
 t - a royal jelly


   Skills:
 - Level 4.1 Fighting
 - Level 19.8 Axes
 + Level 8.1 Armour
 - Level 2.2 Dodging
 - Level 1.4 Evocations


You had 10 spell levels left.
You didn't know any spells.

Dungeon Overview and Level Annotations

Branches:
Dungeon (11/15)            Temple (1/1) D:7            Lair (0/8) D:8
    Orc (0/4) D:11

Altars:
Ashenzari
Elyvilon
Gozag
Kikubaaqudgha
Makhleb
Nemelex Xobeh
Vehumet
Yredelemnul
Zin
The Shining One

Shops:
D:5 ([   D:9 %


Innate Abilities, Weirdness & Mutations

You reflexively headbutt those who attack you in melee.
You have a pair of horns on your head.


Message History

Trog accepts your kill.
Your surroundings suddenly seem different.
There is an open door here.
There is an open door here.
Your surroundings suddenly seem different.
The cyclops throws a large rock.
The large rock hits you.
You see here a large rock.
The cyclops throws a large rock.
The large rock hits you!!
You see here a large rock.
The cyclops throws a large rock.
The large rock hits you!!
* * * LOW HITPOINT WARNING * * *
You see here a large rock.
You see here a large rock.
You slash the cyclops! You burn the cyclops.
The cyclops is moderately wounded.
You hit the cyclops. You burn the cyclops.
You headbutt the cyclops, but do no damage.
The cyclops is heavily wounded.
The cyclops hits you!!
You die...

#.# ##...#####.. #.#
#...#..#.... #.#
###...#)##.# #####'##
##.##.).#..
#......###.....#.#.#
#......#.#..#..#.)..
#......##.#.##..#...
#......##.#.#.#.##..
######.C@..(##.##.#..#.>#
#.......≈...###.#.##....#
#..........≈##.#.#.#..#.#
#........(...#.#.#......#
#(.....######...##...####
###...## ###......# #.
#...# #.###### ## #...#
############## #...#
#.....'...'...


You could see a cyclops.

Vanquished Creatures
  A hydra (D:10)
  The ghost of schauveau the Geomancer, an experienced GrEE of Vehumet (D:8)
  The ghost of schauveau the Geomancer, an experienced GrEE of Vehumet (D:7)
  The ghost of schauveau the Geomancer, an experienced GrEE (D:7)
  3 hill giants
  An ugly thing (D:11)
  2 two-headed ogres
  A deep elf mage (D:10)
  2 hungry ghosts
  13 yaks
  A deep elf fighter (D:8)
  3 hippogriffs
  A warg (D:11)
  2 sky beasts
  A necrophage (D:9)
  4 ice beasts
  3 black bears
  2 orc warriors (D:7)
  2 eyes of draining
  2 phantoms
  A crocodile (D:7)
  5 centaurs
  9 ogres
  3 giant frogs
  15 big kobolds
  2 scorpions
  12 wights
  10 killer bees
  A jelly (D:4)
  4 crimson imps
  A giant frog zombie (D:7)
  A goliath beetle (D:4)
  A centaur zombie (D:11)
  8 hounds
  2 quasits
  A centaur skeleton (D:4)
  A giant frog skeleton (D:11)
  6 orc priests
  6 iguanas
  10 worker ants
  14 orc wizards
  A killer bee zombie (D:9)
  2 sheep (D:10)
  A hound skeleton (D:5)
  11 mummies (Ossuary)
  2 worker ant zombies (D:5)
  5 gnolls
  3 river rats (D:8)
  15 adders
  A shadow imp (D:6)
  2 giant mites
  A worm (D:2)
  4 adder skeletons
  An adder zombie (D:9)
  4 giant geckos
  An ooze (D:1)
  52 orcs
  26 bats
  A bat skeleton (D:4)
  A bat zombie (D:6)
  6 giant cockroaches
  17 goblins
  20 hobgoblins
  10 jackals
  5 quokkas
  2 ball pythons
  A giant gecko zombie (D:7)
  7 giant newts
  2 giant spores
  2 goblin skeletons (Ossuary)
  A goblin zombie (D:4)
  53 kobolds
  3 kobold skeletons (Ossuary)
  3 orc skeletons (Ossuary)
  A quokka zombie (D:4)
  29 rats
  11 rat skeletons (Ossuary)
  4 ballistomycetes
  3 fungi (D:8)
474 creatures vanquished.

Notes
Turn   | Place    | Note
--------------------------------------------------------------
     0 | D:1      | spinkules, the Minotaur Berserker, began the quest for the Orb.
     0 | D:1      | Reached XP level 1. HP: 19/19 MP: 1/1
    77 | D:1      | Reached skill level 4 in Fighting
    82 | D:1      | Reached XP level 2. HP: 17/27 MP: 1/1
   751 | D:1      | Reached XP level 3. HP: 33/33 MP: 2/2
   788 | D:1      | Acquired Trog's second power
  1136 | D:2      | Reached skill level 5 in Axes
  1647 | D:3      | Reached XP level 4. HP: 40/40 MP: 2/2
  1928 | D:3      | Reached skill level 6 in Axes
  2186 | D:3      | Acquired Trog's third power
  2193 | D:3      | Noticed a big kobold
  2203 | D:3      | Killed a big kobold
  2203 | D:3      | Reached skill level 7 in Axes
  2203 | D:3      | Reached XP level 5. HP: 44/46 MP: 2/2
  2205 | D:3      | Noticed a big kobold
  2213 | D:3      | Killed a big kobold
  2239 | D:3      | Reached XP level 6. HP: 38/52 MP: 3/3
  2248 | D:3      | Noticed a big kobold
  2248 | D:3      | Noticed a big kobold
  2250 | D:3      | Noticed a big kobold
  2250 | D:3      | Noticed a big kobold
  2279 | D:3      | Killed a big kobold
  2279 | D:3      | Reached skill level 8 in Axes
  2286 | D:3      | Killed a big kobold
  2286 | D:3      | Killed a big kobold
  2286 | D:3      | Reached skill level 9 in Axes
  2310 | D:3      | Killed a big kobold
  2310 | D:3      | Reached XP level 7. HP: 47/59 MP: 3/3
  2388 | D:3      | Noticed a big kobold
  2392 | D:3      | Killed a big kobold
  2437 | D:3      | Noticed a big kobold
  2438 | D:3      | Noticed a big kobold
  2438 | D:3      | Noticed a big kobold
  2446 | D:3      | Killed a big kobold
  2446 | D:3      | Reached skill level 10 in Axes
  2447 | D:3      | Killed a big kobold
  2450 | D:3      | Killed a big kobold
  2893 | D:4      | Found a sand-covered staircase.
  2901 | Ossuary  | Entered an ossuary
  2927 | Ossuary  | Reached skill level 11 in Axes
  3238 | Ossuary  | Reached XP level 8. HP: 44/66 MP: 3/3
  3858 | D:4      | Received a gift from Trog
  3889 | D:4      | Reached skill level 12 in Axes
  3998 | D:4      | Found a sparkling altar of Nemelex Xobeh.
  4206 | D:4      | Got a bound zirconium amulet
  4232 | D:4      | Identified the amulet "Gimefior" {Ward rN+ Str+2 Int+3} (You found it on level 4 of the Dungeon)
  4366 | D:5      | Entered Level 5 of the Dungeon
  4447 | D:5      | Reached skill level 13 in Axes
  4701 | D:5      | Found Pagh's Antique Armour Shop.
  4811 | D:5      | Found a white marble altar of Elyvilon.
  4814 | D:5      | Found a glowing golden altar of the Shining One.
  4824 | D:5      | Found an opulent altar of Gozag.
  4824 | D:5      | Found a shattered altar of Ashenzari.
  4834 | D:5      | Found a burning altar of Makhleb.
  4972 | D:5      | Reached XP level 9. HP: 58/71 MP: 4/4
  5005 | D:5      | Found Crelib's Weapon Boutique.
  5091 | D:6      | Received a gift from Trog
  5102 | D:6      | Found a basalt altar of Yredelemnul.
  5137 | D:6      | Reached skill level 14 in Axes
  5404 | D:6      | Found an ancient bone altar of Kikubaaqudgha.
  5736 | D:7      | Reached skill level 15 in Axes
  5868 | D:7      | Noticed schauveau's ghost (experienced GrEE)
  6098 | D:7      | Noticed schauveau's ghost (experienced GrEE)
  6430 | D:7      | Killed schauveau's ghost
  6430 | D:7      | Reached skill level 16 in Axes
  6430 | D:7      | Reached XP level 10. HP: 63/78 MP: 4/4
  6460 | D:7      | Killed schauveau's ghost
  6467 | D:7      | Found a glowing golden altar of the Shining One.
  6796 | D:7      | Received a gift from Trog
  6887 | D:7      | Found a staircase to the Ecumenical Temple.
  7026 | Temple   | Entered the Ecumenical Temple
  7210 | D:8      | Noticed schauveau's ghost (experienced GrEE)
  7230 | D:8      | Killed schauveau's ghost
  7230 | D:8      | Reached skill level 17 in Axes
  7230 | D:8      | Reached skill level 1 in Evocations
  7907 | D:8      | Found a staircase to the Lair.
  8084 | D:8      | Reached skill level 18 in Axes
  8171 | D:9      | Received a gift from Trog
  8563 | D:9      | Reached XP level 11. HP: 67/84 MP: 6/6
  8680 | D:9      | Got a heavily runed ivory ring
  8706 | D:9      | Lost intelligence.
  8706 | D:9      | Identified the ring of the Six Blessings {rElec rN+ MP+9 Int-4 Slay+3 SInv} (You found it on level 9 of the Dungeon)
  9088 | D:9      | Found Duat's Food Shoppe.
  9246 | D:10     | Entered Level 10 of the Dungeon
  9530 | D:10     | Noticed a hill giant
  9542 | D:10     | Killed a hill giant
  9630 | D:10     | Reached skill level 19 in Axes
  9706 | D:10     | Noticed a hill giant
  9713 | D:10     | Killed a hill giant
 10013 | D:10     | Noticed a three-headed hydra
 10021 | D:10     | Killed a one-headed hydra
 10369 | D:11     | Received a gift from Trog
 10618 | D:11     | Found a staircase to the Orcish Mines.
 10687 | D:11     | Reached skill level 5 in Armour
 10871 | D:11     | Noticed a hill giant
 10880 | D:11     | Killed a hill giant
 11110 | D:11     | Received a gift from Trog
 11202 | D:11     | HP: 4/84 [cyclops/large rock (34)]
 11207 | D:11     | Demolished by a cyclops

Action                   |  1- 3 |  4- 6 |  7- 9 | 10-12 || total
-------------------------+-------+-------+-------+-------++-------
Melee: Hand axe          |   104 |    49 |       |       ||   153
       War axe           |       |    47 |   460 |    46 ||   553
       Battleaxe         |       |       |       |   157 ||   157
       Executioner's axe |       |       |       |   218 ||   218
Throw: Javelin           |       |       |       |     2 ||     2
Invok: Berserk           |       |     1 |     4 |     2 ||     7
       Trog's Hand       |       |       |     1 |       ||     1
       Burn Spellbooks   |       |       |       |     1 ||     1
  Use: Scroll            |       |       |       |    15 ||    15
  Eat: Chunk             |     2 |     4 |    17 |    23 ||    46
       Bread ration      |       |       |       |     1 ||     1
